 Dungeon Crawl Stone Soup version 0.22-a0-833-g8522bf8 (webtiles) character file.

821 Goblin1989 the Insei (level 7, -6/52 HPs)
             Began as a Demonspawn Enchanter on July 25, 2018.
             Was an Initiate of Gozag.
             Mangled by Menkaure (10 damage)
             ... on level 4 of the Dungeon.
             The game lasted 00:12:07 (4023 turns).

Goblin1989 the Insei (Demonspawn Enchanter)         Turns: 4023, Time: 00:12:07

Health: -6/52      AC:  8    Str: 11    XL:     7   Next: 63%
Magic:  10/10      EV:  7    Int: 17    God:    Gozag
Gold:   249        SH: 12    Dex: 16    Spells: 9/10 levels left

rFire    . . .     SeeInvis .     - Unarmed
rCold    . . .     Gourm    .   A - +0 large shield
rNeg     . . .     Faith    .   F - +0 ring mail
rPois    .         Spirit   .   i - +1 hat
rElec    .         Reflect  .   w - +0 cloak
rCorr    .         Harm     .   (no gloves)
MR       .....                  h - +0 pair of boots
Stlth    +++.......             (no amulet)
HPRegen  0.17/turn              (no ring)
MPRegen  0.12/turn              (no ring)

@: drained
A: claws 1, agile 1, nightstalker 1, powered by death 1, screaming 1, strong 1
a: Potion Petition, Call Merchant, Bribe Branch, Renounce Religion


You were on level 4 of the Dungeon.
You worshipped Gozag.
Gozag was aware of your devotion.
You were not hungry.

You visited 1 branch of the dungeon, and saw 4 of its levels.

You collected 288 gold pieces.
You paid 39 gold pieces to Gozag.

Inventory:

Hand Weapons
 a - a +1 dagger
 j - a +0 hunting sling
Missiles
 p - 94 stones (quivered) {@Q3}
 x - 57 sling bullets
 G - 43 bolts
 H - 3 arrows
Armour
 h - a +0 pair of boots (worn)
 i - a +1 hat (worn)
 m - a +2 robe of magic resistance
 w - a +0 cloak (worn)
 z - a +0 scale mail
 A - a +0 large shield (worn)
 F - a +0 ring mail (worn)
Scrolls
 k - 2 scrolls of fear {unknown}
 l - a scroll of magic mapping {unknown}
 o - 3 scrolls of remove curse {unknown}
 s - a scroll of teleportation {unknown}
 t - a scroll of enchant weapon {unknown}
 u - a scroll of enchant armour {unknown}
 v - a scroll of amnesia {unknown}
 y - 2 scrolls of identify {unknown}
Potions
 r - 4 potions of magic
 D - 2 potions of heal wounds
Comestibles
 e - 4 rations


   Skills:
 + Level 3.5(3.4) Fighting
 - Level 2.2(2.1) Short Blades
 + Level 2.7(2.6) Armour
 - Level 2.3(2.2) Dodging
 - Level 3.2(3.0) Stealth
 + Level 2.7(2.6) Shields
 * Level 4.1(4.0) Unarmed Combat
 - Level 2.0(1.8) Spellcasting
 - Level 3.0(2.8) Hexes


You had 9 spell levels left.
You knew the following spells:

 Your Spells              Type           Power        Failure   Level  Hunger
a - Corona                Hex            ##.....      95%         1    #......

Your spell library contained the following spells:

 Spells                   Type           Power        Failure   Level  Hunger
 Confuse                  Hex            ##......     100%        3    ###....
 Tukima's Dance           Hex            ##......     100%        3    ###....
 Ensorcelled Hibernation  Hex/Ice        #.....       100%        2    ###....
 Dazzling Spray           Conj/Hex       #.....       100%        3    ###....


Dungeon Overview and Level Annotations

Branches:
Dungeon (4/15)
 Temple: D:4-7

Altars:
Gozag
Ru
Xom

Annotations:
D:4 Menkaure


Innate Abilities, Weirdness & Mutations

You have sharp fingernails.
You are slightly more attuned to the shadows.
You regenerate a little health from kills.
You are agile. (Dex +2)
You occasionally shout uncontrollably at your foes.
Your muscles are strong. (Str +2)


Message History

You scratch Edmund but do no damage.
Edmund is moderately wounded.
Edmund hits you with a flail of protection.
* * * LOW HITPOINT WARNING * * *
You take 5 damage, and have 17/52 hp.
Edmund says, "I'm quite good with sums, too."
Your shield and ring mail prevent you from hitting Edmund.
Edmund is moderately wounded.
Edmund hits you with a flail of protection.
* * * LOW HITPOINT WARNING * * *
You take 4 damage, and have 15/52 hp.
Your shield and ring mail prevent you from hitting Edmund.
Edmund is moderately wounded.
You block Edmund's attack.
You claw Edmund!
Edmund is heavily wounded.
You block Edmund's attack.
Your shield and ring mail prevent you from hitting Edmund.
Edmund is heavily wounded.
You block Edmund's attack.
You scratch Edmund but do no damage.
Edmund is heavily wounded.
Edmund hits you with a flail of protection.
* * * LOW HITPOINT WARNING * * *
You take 6 damage, and have 9/52 hp.
You scratch Edmund.
Edmund is severely wounded.
Edmund hits you with a flail of protection!
* * * LOW HITPOINT WARNING * * *
You take 6 damage, and have 3/52 hp.
Edmund says, "You wouldn't believe how much I paid for this flail."
There is an open door here.
You swap places.
Edmund hits the freed slave with a flail of protection.
The freed slave barely misses Edmund.
The freed slave barely misses Edmund.
Edmund hits the freed slave with a flail of protection.
The freed slave hits Edmund but does no damage.
Edmund says, "Everyone always remembers my brother. 'Who's Edmund?' they ask!"
Edmund hits the freed slave but does no damage.
The freed slave hits Edmund but does no damage.
Edmund hits the freed slave with a flail of protection.
The freed slave hits Edmund but does no damage.
Edmund closely misses the freed slave.
The freed slave barely misses Edmund.
Edmund hits the freed slave with a flail of protection!
The freed slave hits Edmund.
The freed slave closely misses Edmund.
Edmund hits the freed slave with a flail of protection.
The freed slave hits Edmund but does no damage.
Edmund hits the freed slave with a flail of protection.
The freed slave barely misses Edmund.
You start resting.
You feel a bit more experienced.
You regained 33 hp, and now have 45/52 hp.
You start resting.
HP restored.
Health restored: 52 You see here a long sword.
You see here a chain mail.
Key pressed, stopping explore.
There is a stone staircase leading down here.
Menkaure is too close now for your liking.
Menkaure is nearby!
Menkaure shouts!
Menkaure barely misses you.
You scratch Menkaure but do no damage.
Menkaure whispers in an indecipherable tongue.
Menkaure gestures wildly while chanting.
Menkaure seems to speed up.
You scratch Menkaure.
Menkaure is lightly damaged.
Menkaure points at you and mumbles some strange words.
Pain shoots through your body!
You take 12 damage, and have 40/52 hp.
MASSIVE DAMAGE!!
You scratch Menkaure.
Menkaure is moderately damaged.
You block Menkaure's attack.
You scratch Menkaure.
Menkaure is moderately damaged.
You block Menkaure's attack.
Menkaure calls on the powers of darkness!
Your body is wracked with pain!
* * * LOW HITPOINT WARNING * * *
You take 19 damage, and have 22/52 hp.
MASSIVE DAMAGE!!
You scratch Menkaure but do no damage.
Menkaure is moderately damaged.
Menkaure hits you.
* * * LOW HITPOINT WARNING * * *
You take 2 damage, and have 20/52 hp.
Your shield prevents you from hitting Menkaure.
Menkaure is moderately damaged.
Menkaure hits you!
* * * LOW HITPOINT WARNING * * *
You take 16 damage, and have 4/52 hp.
MASSIVE DAMAGE!!
Unknown command.
You scratch Menkaure but do no damage.
Menkaure is moderately damaged.
Menkaure hits you!
You die...
Your body crumbles into a pile of gold.

.█ ██§ █§█ ...... █████████.█ █..
█§█ █.......█
........█.███.≈███§█ █.......█
███████.█.....≈§§≈≈█ █.......█
......█.█..........██████.......█
.....<..█.......................█
.........>.....M@................
██..............................█
██.████████████....█.████.....███
.............███...█.█ █..███..█
██...........█ █...█.███.██ ██.██
██...........█ █...█.█...█ █...
██...........█ █...█...███ ███.
██...........███..)█..██$ ██
∆..................█..█$$ .∆


You could see Menkaure.

Vanquished Creatures
  Pikel (D:4)
  Duvessa (D:4)
  An ogre (D:4)
  Dowan (D:4)
  A worker ant (D:4)
  A howler monkey skeleton (D:4)
  4 adders
  An ooze (D:1)
  A worm (D:3)
  3 dart slugs
  3 leopard geckos
  2 orcs (D:3)
  7 bats
  2 giant cockroaches
  5 goblins
  2 hobgoblins
  4 jackals (D:4)
  3 quokkas
  2 ball pythons
  2 frilled lizards
  7 kobolds
  6 rats
60 creatures vanquished.

Vanquished Creatures (others)
  Edmund (D:4)
  2 slaves (D:4)
  A hound skeleton (D:4)
  An ooze (D:4)
  A dart slug (D:4)
6 creatures vanquished.

Grand Total: 66 creatures vanquished

Notes
Turn   | Place    | Note
-------+----------+-------------------------------------------
     0 | D:1      | Goblin1989 the Demonspawn Enchanter began the quest for the Orb.
     0 | D:1      | Reached XP level 1. HP: 13/13 MP: 3/3
    36 | D:1      | Reached skill level 1 in Short Blades
   341 | D:1      | Gained mutation: You regenerate a little health from kills. [demonic ancestry]
   341 | D:1      | Reached XP level 2. HP: 20/20 MP: 5/5
   996 | D:1      | Reached skill level 1 in Fighting
   996 | D:1      | Gained mutation: You are slightly more attuned to the shadows. [demonic ancestry]
   996 | D:1      | Reached XP level 3. HP: 26/26 MP: 6/6
  1239 | D:2      | Found a shimmering altar of Xom.
  2104 | D:2      | Gained mutation: You have sharp fingernails. [demonic ancestry]
  2104 | D:2      | Reached XP level 4. HP: 24/32 MP: 7/7
  2547 | D:3      | Found a sacrificial altar of Ru.
  2547 | D:3      | Found an opulent altar of Gozag.
  2553 | D:3      | Became a worshipper of Gozag Ym Sagoz the Greedy
  3011 | D:4      | Noticed Menkaure
  3092 | D:4      | Noticed Duvessa
  3119 | D:4      | Reached skill level 1 in Unarmed Combat
  3127 | D:4      | Gained mutation: You occasionally shout uncontrollably at your foes. [potion of mutation]
  3127 | D:4      | Gained mutation: You are agile. (Dex +2) [potion of mutation]
  3127 | D:4      | Gained mutation: Your muscles are strong. (Str +2) [potion of mutation]
  3141 | D:4      | Noticed Pikel
  3142 | D:4      | Killed Duvessa
  3142 | D:4      | Reached skill level 1 in Armour
  3142 | D:4      | Reached skill level 1 in Shields
  3142 | D:4      | Reached skill level 2 in Unarmed Combat
  3142 | D:4      | Reached XP level 5. HP: 22/38 MP: 8/8
  3144 | D:4      | Noticed a slave
  3145 | D:4      | Noticed Dowan
  3152 | D:4      | Noticed a slave
  3164 | D:4      | Killed Pikel
  3164 | D:4      | Reached skill level 3 in Unarmed Combat
  3164 | D:4      | Reached XP level 6. HP: 10/47 MP: 9/9
  3164 | D:4      | Reached XP level 7. HP: 12/52 MP: 10/10
  3172 | D:4      | Killed Dowan
  3535 | D:4      | Reached skill level 4 in Unarmed Combat
  3617 | D:4      | Noticed Edmund
  3933 | D:4      | Killed Edmund
  4023 | D:4      | Mangled by Menkaure

Vault maps used:
D:1:      evilmike_arrival_hilbert_curve
D:2:      lemuel_round_altar, kennysheep_generic_room_4
D:3:      gammafunk_temple_overflow_statue, minmay_fountain_box
D:4:      cheibrodos_greedy_goblins, kennysheep_mini_moat,
          lemuel_zombie_altar_kikubaaqudgha, lemuel_round_altar, first_ration,
          kennysheep_small_spiral, uniq_duvessa, uniq_pikel, uniq_edmund,
          uniq_menkaure

Skill      XL: |  1  2  3  4  5  6  7 |
---------------+----------------------+-----
Short Blades   | 1 2 |  2.2
Dodging        | 2 |  2.3
Stealth        | 3 |  3.2
Fighting       | 1 2 3 |  3.5
Unarmed Combat | 2 3 4 |  4.1
Armour         | 1 2 |  2.7
Shields        | 1 2 |  2.7
Spellcasting   | |  2.0
Hexes          | |  3.0

Action                   |  1- 3 |  4- 6 |  7- 9 || total
-------------------------+-------+-------+-------++-------
Melee: Dagger            |   132 |    22 |       ||   154
       Unarmed           |       |    24 |    53 ||    77
 Fire: Hunting sling     |       |    64 |       ||    64
Invok: Potion Petition   |       |     1 |       ||     1
  Use: Potion            |     4 |     2 |       ||     6
 Stab: Sleeping          |    17 |     2 |       ||    19
  Eat: Chunk             |     4 |     2 |       ||     6
       Ration            |       |     2 |       ||     2
Armor: Robe              |    38 |     9 |       ||    47
       Ring mail         |       |    11 |     7 ||    18
Dodge: Dodged            |    71 |    31 |     5 ||   107
Block: Large shield      |       |       |    18 ||    18

Table legend:
 A = Spawn XP
 B = Non-spawn XP
 C = Spawn XP percentage of total XP
 D = Spawn monster count
 E = Non-spawn monster count
 F = Spawn count percentage of total count
 G = Total turns spent on level
                    A         B        C        D         E        F      G
               +---------+---------+-------+---------+---------+-------+---------
         Total |       0 |    1174 |   0.0 |       0 |      61 |   0.0 |  4023
               +---------+---------+-------+---------+---------+-------+---------
           D:1 |       0 |      43 |   0.0 |       0 |      20 |   0.0 |  1158
           D:2 |       0 |      48 |   0.0 |       0 |      16 |   0.0 |   961
           D:3 |       0 |      40 |   0.0 |       0 |      13 |   0.0 |   994
           D:4 |       0 |    1043 |   0.0 |       0 |      12 |   0.0 |   910
               +---------+---------+-------+---------+---------+-------+---------

Vault maps used:
D:1:      evilmike_arrival_hilbert_curve
D:2:      lemuel_round_altar, kennysheep_generic_room_4
D:3:      gammafunk_temple_overflow_statue, minmay_fountain_box
D:4:      cheibrodos_greedy_goblins, kennysheep_mini_moat,
          lemuel_zombie_altar_kikubaaqudgha, lemuel_round_altar, first_ration,
          kennysheep_small_spiral, uniq_duvessa, uniq_pikel, uniq_edmund,
          uniq_menkaure
